Map: Terrasses de Prion

Players

zidar - Winner!

  • Race: Zerg Zerg
  • League: Silver
  • Spawn Location: 5:00

streeye

  • Race: Protoss Protoss
  • League: Silver
  • Spawn Location: 11:00

VOD

Have the link to the VOD?

Description

Time

  • Played on: Nov. 28, 2015, 11:05 a.m.
  • Length: 11:42
Show
View Real Time Build Order
Export as new Build Order

zidar Zerg - Winner!

Build Orders: Hatch First 

Get SALT Encoding   

  12  0:01  Drone  
  13  0:12  Overlord  
  13  0:17  Drone  
  14  0:30  Drone x2  
  16  0:36  Drone  
  17  0:54  Hatchery  
  16  0:58  Drone  
  17  1:22  Spawning Pool  
  17  1:24  Extractor  
  15  1:27  Drone x3  
  15  1:29  Extractor  
  17  1:43  Drone  
  18  1:55  Drone  
  18  2:01  Overlord  
  18  2:23  Queen  
  18  2:25  Queen  
  18  2:28  Zergling x2  
  18  2:29  Zergling x6  
  26  2:33  Metabolic Boost  
  26  2:42  Drone  
  26  2:43  Drone  
  28  3:00  Overlord  
  28  3:01  Drone x3  
  31  3:18  Zergling x2  
  31  3:19  Zergling x6  
  35  3:26  Roach Warren  
  34  3:59  Zergling x2  
  34  4:00  Zergling x16  
  42  4:33  Lair  
  42  4:37  Overlord x3  
  38  5:11  Roach x10  
  58  5:45  Zergling x2  
  58  5:46  Zergling x18  
  68  6:03  Hydralisk Den, Drone  
  68  6:07  Overlord x2  
  68  6:11  Overlord  
  42  7:12  Roach  
  42  7:13  Roach x8  
  44  7:47  Roach x6  
  56  8:05  Hydralisk x6  
  68  8:26  Drone x6  
  74  8:37  Drone x4  
  78  8:48  Glial Reconstitution  
  78  8:51  Muscular Augments  
  62  10:12  Roach x7  
  62  10:13  Hydralisk x5  
  62  10:14  Hydralisk x3  
Show
View Real Time Build Order
Export as new Build Order

streeye Protoss 

Build Orders:  

Get SALT Encoding   

  12  0:01  Probe (Chrono Boost)  
  13  0:15  Pylon  
  13  0:19  Probe (Chrono Boost)  
  14  0:35  Gateway  
  14  0:39  Probe (Chrono Boost)  
  16  0:50  Probe (Chrono Boost)  
  16  1:07  Gateway  
  16  1:10  Assimilator  
  16  1:12  Probe (Chrono Boost)  
  16  1:15  Assimilator  
  17  1:22  Probe (Chrono Boost)  
  18  1:29  Zealot (Chrono Boost)  
  20  1:33  Probe (Chrono Boost)  
  21  1:43  Probe  
  22  1:55  Probe  
  23  2:24  Nexus  
  23  2:28  Pylon  
  23  2:38  Cybernetics Core  
  23  2:46  Probe  
  23  2:48  Forge  
  24  2:58  Probe  
  24  3:10  Probe  
  25  3:14  Warp Gate  
  25  3:23  Gateway x2  
  25  3:27  Gateway  
  25  3:36  Photon Cannon  
  25  3:38  Mothership Core  
  25  3:39  Probe  
  28  3:50  Probe  
  29  3:59  Probe  
  30  4:07  Twilight Council  
  30  4:08  Stalker (Chrono Boost)  
  34  4:14  Stalker (Chrono Boost)  
  34  4:28  Probe  
  34  4:29  Probe  
  36  4:33  Pylon  
  36  4:38  Probe  
  36  4:41  Probe  
  36  5:04  Gateway  
  36  5:05  Gateway  
  34  5:12  Gateway  
  32  5:32  Gateway  
  32  5:39  Protoss Ground Weapons Level 1  
  32  5:41  Blink  
  32  5:46  Stalker  
  32  5:47  Stalker  
  36  5:52  Probe  
  36  5:53  Probe, Pylon  
  38  6:01  Robotics Facility  
  38  6:03  Probe, Templar Archives  
  38  6:06  Probe  
  40  6:12  Assimilator  
  40  6:13  Probe  
  40  6:17  Assimilator  
  40  6:18  Probe  
  40  6:39  Zealot x2  
  42  6:40  Zealot x2  
  42  6:41  Zealot  
  38  7:03  Sentry x3  
  38  7:04  Sentry  
  30  7:24  Zealot x3  
  30  7:25  Zealot  
  38  7:41  Probe  
  38  7:42  Probe  
  40  7:47  Sentry x4  
  48  7:51  Probe  
  48  7:54  Probe  
  50  8:02  Probe  
  51  8:06  Probe  
  52  8:22  Pylon  
  52  8:30  Sentry  
  52  8:31  Sentry x2  
  52  8:33  Pylon  
  58  8:36  Probe  
  58  8:37  Probe  
  60  8:46  Probe  
  61  8:49  Probe  
  62  8:57  Probe  
  62  9:01  Probe  
  64  9:05  Stargate  
  64  9:07  Stargate  
  64  9:09  Stalker  
  35  9:53  Stalker x3  
  35  9:54  Stalker  
  29  10:19  Stalker x2  
  25  10:56  Stalker x3  
  25  10:57  Stalker  
  21  11:21  Stalker x3  
  27  11:31  Stalker  
Tags
 
Add a new tag
Caveats
  • Supply blocks, unpowered buildings, or Contaminate may cause inaccurate times.
  • Supply counts are checked every 10 seconds.